 Dungeon Crawl Stone Soup version 0.30-a0-371-gad7725a93e (webtiles) character file.

Game seed: 15775202418691471534

1482 pokeman the Thaumaturge (level 8, 0/42 (44) HPs)
             Began as a Deep Elf Hedge Wizard on Nov 23, 2022.
             Was a Follower of Vehumet.
             Slain by a wight
             ... wielding a +0 halberd
              (6 damage)
             ... on level 6 of the Dungeon.
             The game lasted 00:12:10 (7619 turns).

pokeman the Thaumaturge (Deep Elf Hedge Wizard)     Turns: 7619, Time: 00:12:10

HP:   0/42 (44)     AC:  6    Str:  7    XL:     8   Next: 50%
MP:   18/24         EV: 12    Int: 22    God:    Vehumet [*.....]
Gold: 346           SH:  0    Dex: 14    Spells: 19/27 levels left

rFire   . . .      SeeInvis .    c - +2 short sword (venom)
rCold   . . .      Faith    .    (no shield)
rNeg    . . .      Spirit   .    g - +0 leather armour
rPois   .          Reflect  .    a - +0 helmet
rElec   .          Harm     .    v - +0 cloak
rCorr   .          Rampage  .    (no gloves)
Will    .....                    f - +0 pair of boots
Stlth   ++........               (no amulet)
HPRegen 0.27/turn                (no ring)
MPRegen 0.19/turn                (no ring)

@: lightly drained
A: no striking features
a: Renounce Religion


You were on level 6 of the Dungeon.
You worshipped Vehumet.
Vehumet was aware of your devotion.
You visited 2 branches of the dungeon, and saw 7 of its levels.

You collected 346 gold pieces.

Inventory:

Hand Weapons
 c - a +2 short sword of venom (weapon)
 u - a +4 quarterstaff of chaos
Armour
 a - a +0 helmet (worn)
 f - a +0 pair of boots (worn)
 g - a +0 leather armour (worn)
 v - a +0 cloak (worn)
Magical Staves
 x - a staff of poison
Jewellery
 h - a ring of resist corrosion
Wands
 r - a wand of flame (34)
 s - a wand of quicksilver (15)
 E - a wand of iceblast (12)
Scrolls
 b - 2 scrolls of noise {unknown}
 e - 3 scrolls of teleportation {unknown}
 j - a scroll of magic mapping {unknown}
 k - a scroll of enchant armour {unknown}
 o - a scroll of acquirement {unknown}
 p - 3 scrolls of identify {unknown}
 q - a scroll of blinking {unknown}
 w - a scroll of vulnerability {unknown}
 y - a scroll of amnesia {unknown}
 B - a scroll of fog {unknown}
 C - a scroll of fear {unknown}
 D - a scroll of silence {unknown}
Potions
 d - 3 potions of magic
 i - a potion of haste {unknown}
 l - a potion of ambrosia {unknown}
 m - 3 potions of curing {unknown}
 n - 2 potions of heal wounds {unknown}
 t - a potion of brilliance {unknown}
 z - a potion of might {unknown}
 A - 2 potions of mutation {unknown}
 F - a potion of cancellation {unknown}


   Skills:
 + Level 2.1 Fighting
 - Level 3.0 Armour
 - Level 3.0 Dodging
 - Level 3.1 Stealth
 * Level 10.4 Spellcasting
 + Level 5.5 Conjurations
 - Level 1.1 Summonings
 - Level 1.1 Translocations
 - Level 1.0 Air Magic
 - Level 1.1 Poison Magic
 - Level 1.3 Evocations


You had 19 spell levels left.
You knew the following spells:

 Your Spells              Type           Power      Damage    Failure   Level
a - Magic Dart            Conj           100%       1d8       1%          1
b - Mephitic Cloud        Conj/Pois/Air  22%        N/A       9%          3
c - Call Imp              Summ           16%        N/A       9%          2
d - Blink                 Tloc           32%        N/A       9%          2

Your spell library contained the following spells:

 Spells                   Type           Power      Damage    Failure   Level
 Freeze                   Ice            44%        1d6       9%          1
 Slow                     Hex            44%        N/A       9%          1
 Cigotuvi's Dreadful Rot  Necr/Pois/Air  28%        N/A       10%         2


Dungeon Overview and Level Annotations

Branches:
Dungeon (6/15)             Temple (1/1) D:5

Altars:
Ashenzari
Elyvilon
Hepliaklqana
Kikubaaqudgha
Nemelex Xobeh
Okawaru
Qazlal
Trog
Vehumet
Zin
The Shining One


Message History

Unknown command.
There is a stone staircase leading up, spattered with blood here.
Casting: Mephitic Cloud (dangerous; 9% risk of failure)
Confirm with . or Enter, or press ? or * to list all spells.
Aiming: Mephitic Cloud (dangerous; 9% risk of failure)
Press: ? - help, Shift-Dir - straight line, f - orc wizard
Aim: an orc wizard, wielding a +0 dagger and wearing a +0 robe (confused, chance to affect: 86%)
The ball explodes into a vile cloud!
The stinking cloud engulfs the orc wizard but does no damage.
The stinking cloud engulfs the wight but does no damage.
The orc wizard seems less confused.
The orc wizard is engulfed in noxious fumes.
The orc wizard appears confused.
The orc wizard hits the wight with a +0 dagger.
Unknown command.
Unknown command.
The orc wizard is engulfed in noxious fumes.
The orc wizard appears confused.
Unknown command.
The orc wizard is engulfed in noxious fumes.
The orc wizard appears confused.
Casting: Mephitic Cloud (dangerous; 9% risk of failure)
Confirm with . or Enter, or press ? or * to list all spells.
Aiming: Magic Dart (safe; 1% risk of failure)
Press: ? - help, Shift-Dir - straight line, f - wight, p - orc wizard
Aim: a wight, wielding a +0 halberd and wearing a +0 robe (moderately damaged, 100% to hit)
The magic dart hits the wight.
The wight is severely damaged.
The wight hits you from afar with a +0 halberd!
Casting: Magic Dart (safe; 1% risk of failure)
Confirm with . or Enter, or press ? or * to list all spells.
Aiming: Magic Dart (safe; 1% risk of failure)
Press: ? - help, Shift-Dir - straight line, f/p - wight
Aim: a wight, wielding a +0 halberd and wearing a +0 robe (severely damaged, 100% to hit)
The magic dart hits the wight.
The wight is almost destroyed.
The wight hits you from afar with a +0 halberd!
* * * LOW HITPOINT WARNING * * *
You feel drained.
You die...

... ####.# ... #.# #'#
#.# ## #[# #.# .. #.#
#.# ###. ##.## #.#
.....#.z)## #.#
###.......##########.#
#.....o@.............#
...#..##.##############
.# #.. ### #.. .. ###


You could see a wight and an orc wizard (confused).

Vanquished Creatures
  2 orc warriors
  2 black bears (D:5)
  A centaur (D:6)
  A phantom (D:4)
  2 necrophages
  3 scorpions
  A wight (D:5)
  Crazy Yiuf (D:3)
  2 orc priests (D:6)
  A hound (D:5)
  8 iguanas
  Terence (D:3)
  3 orc wizards
  Robin (D:3)
  6 adders
  A shadow imp (D:5)
  A white imp (D:5)
  A worm (D:4)
  2 dart slugs
  18 orcs
  9 ball pythons
  5 bats
  9 endoplasms
  5 giant cockroaches
  11 goblins
  13 hobgoblins
  4 kobolds
  3 quokkas
  3 frilled lizards
  3 rats
  A spectral orc (D:6)
  3 bushes (D:1)
127 creatures vanquished.

Vanquished Creatures (others)
  A hobgoblin (D:3)
  5 fungi (D:3)
  11 plants
17 creatures vanquished.

Grand Total: 144 creatures vanquished

Notes
Turn   | Place    | Note
-------+----------+-------------------------------------------
     0 | D:1      | pokeman the Deep Elf Hedge Wizard began the quest for the
                  | Orb.
     0 | D:1      | Reached XP level 1. HP: 10/10 MP: 7/7
   489 | D:1      | Reached XP level 2. HP: 16/16 MP: 6/9
   933 | D:1      | Reached skill level 5 in Spellcasting
  1452 | D:2      | Reached XP level 3. HP: 20/20 MP: 11/11
  1456 | D:2      | Learned a level 3 spell: Mephitic Cloud
  1459 | D:2      | Learned a level 2 spell: Call Imp
  1462 | D:2      | Learned a level 2 spell: Blink
  1542 | D:2      | Found an iron altar of Okawaru.
  1929 | D:3      | Reached skill level 1 in Fighting
  2040 | D:3      | Reached skill level 1 in Armour
  2054 | D:3      | Noticed Robin
  2067 | D:3      | Killed Robin
  2082 | D:3      | Reached XP level 4. HP: 23/25 MP: 7/13
  2318 | D:3      | Found a radiant altar of Vehumet.
  2322 | D:3      | Became a worshipper of Vehumet
  2570 | D:3      | Noticed Terence
  2943 | D:3      | Found a glowing silver altar of Zin.
  3404 | D:3      | Killed Terence
  3405 | D:3      | Reached skill level 1 in Poison Magic
  3457 | D:3      | Found a faded altar of an unknown god.
  3509 | D:3      | Found a runed translucent door.
  3510 | D:3      | Noticed Crazy Yiuf
  3727 | D:3      | Killed Crazy Yiuf
  3728 | D:3      | Reached skill level 6 in Spellcasting
  3728 | D:3      | Reached XP level 5. HP: 21/29 MP: 4/15
  4004 | D:4      | Noticed a phantom
  4015 | D:4      | Killed a phantom
  4016 | D:4      | Reached skill level 1 in Evocations
  4130 | D:4      | Reached XP level 6. HP: 26/34 MP: 0/17
  4477 | D:4      | Reached skill level 7 in Spellcasting
  4477 | D:4      | Reached skill level 1 in Air Magic
  4794 | D:5      | Entered Level 5 of the Dungeon
  4852 | D:5      | Reached XP level 7. HP: 35/39 MP: 16/20
  5215 | D:5      | Reached skill level 8 in Spellcasting
  5740 | D:5      | Found a staircase to the Ecumenical Temple.
  5772 | D:5      | Reached * piety under Vehumet
  5772 | D:5      | Offered knowledge of Freeze by Vehumet.
  6184 | D:5      | Reached skill level 9 in Spellcasting
  6275 | D:5      | Found a sparkling altar of Nemelex Xobeh.
  6275 | D:5      | Found a stormy altar of Qazlal.
  6277 | D:5      | Found a bloodstained altar of Trog.
  6277 | D:5      | Found a glowing golden altar of the Shining One.
  6528 | D:6      | Found an ancient bone altar of Kikubaaqudgha.
  6658 | D:6      | Reached XP level 8. HP: 37/44 MP: 20/23
  6684 | D:6      | Reached skill level 5 in Conjurations
  6870 | D:6      | Found a hazy altar of Hepliaklqana.
  7296 | D:5      | Reached skill level 10 in Spellcasting
  7414 | Temple   | Entered the Ecumenical Temple
  7619 | D:6      | Slain by a wight

Illustrated notes

Levels and vault maps discovered:
D:1:      minmay_arrival_stone_box, layout_loops_ring, serial_forest,
          infiniplex_forest_lined_corner, infiniplex_forest_clump_double,
          infiniplex_forest_lined_ring, infiniplex_forest_end_2,
          infiniplex_forest_zigzag_1, infiniplex_forest_straight_3,
          nicolae_eternal_life
D:2:      layout_rooms, basic_altar, dreamdust_wishing_well
D:3:      layout_basic, mainiacjoe_overflow_six_doors_small, zin_scriptorium,
          dreamdust_ecumenical_altar_hidden_monk_grotto,
          uniq_crazy_yiuf_cottage, uniq_robin, uniq_terence
D:4:      layout_loops_cross
D:5:      layout_layer_cave, mainiacjoe_overflow_alcove_3,
          minmay_temple_entry_tees
D:6:      layout_loops_corners, nicolae_hepliaklqana_monster_ancestors,
          amcnicky_altar_gilded
Temple:   nicolae_temple_ecumenical_triangle

Skill      XL: |  1  2  3  4  5  6  7  8 |
---------------+-------------------------+-----
Spellcasting   | 5 6 7 9 10 | 10.4
Fighting       | 1 2 |  2.1
Armour         | 1 2 3 |  3.0
Conjurations   | 2 3 4 5 |  5.5
Dodging        | 3 |  3.0
Poison Magic   | 1 |  1.1
Stealth        | 3 |  3.1
Evocations     | 1 |  1.3
Air Magic      | 1 |  1.0
Summonings     | |  1.1
Translocations | |  1.1

Action                   |  1- 3 |  4- 6 |  7- 9 || total
-------------------------+-------+-------+-------++-------
Melee: Hand axe          |    46 |       |       ||    46
       Short sword       |    21 |    52 |    89 ||   162
       Punch             |       |       |     1 ||     1
 Cast: Magic Dart        |    75 |    95 |    61 ||   231
       Mephitic Cloud    |       |     9 |    19 ||    28
       Call Imp          |       |     2 |     2 ||     4
       Blink             |       |       |     2 ||     2
 Stab: Sleeping          |     3 |     1 |       ||     4
       Confused          |       |     9 |    11 ||    20
Armor: Leather armour    |     7 |    14 |    13 ||    34
Dodge: Dodged            |    22 |    28 |    49 ||    99

Table legend: (Time is in decaauts)
 A = Elapsed time spent in this place.
 B = Non-inter-level travel time spent in this place.
 C = Inter-level travel time spent in this place.
 D = Time resting spent in this place.
 E = Time spent auto-exploring this place.
 F = Levels seen in this place.
 G = Mean time per level.
                   A        B        C        D        E       F      G
               +--------+--------+--------+--------+--------+-----+--------+
         Total |   7633 |   7456 |    177 |    829 |   5599 |   7 | 1090.4 |
       Dungeon |   7496 |   7319 |    177 |    693 |   5599 |   6 | 1249.3 |
        Temple |    137 |    137 |      0 |    136 |      0 |   1 |  137.0 |
               +--------+--------+--------+--------+--------+-----+--------+

Top non-repeatable levels by time:
     D:3: 1967 daAuts
     D:5: 1739 daAuts
     D:1: 1462 daAuts
     D:4: 1056 daAuts
     D:6: 848 daAuts
     D:2: 422 daAuts
  Temple: 137 daAuts
